 Dungeon Crawl Stone Soup version 0.27-a0-1519-gc8121b24ce (webtiles) character file.

Game seed: 3455258635530162519

36853 Brozuf the Grappler (level 13, -16/147 HPs)
             Began as a Naga Transmuter on July 3, 2021.
             Was a High Priest of Okawaru.
             Demolished by a komodo dragon (24 damage)
             ... on level 5 of the Lair of Beasts on July 10, 2021.
             The game lasted 01:15:00 (31141 turns).

Brozuf the Grappler (Naga Transmuter)              Turns: 31141, Time: 01:15:01

Health: -16/147    AC: 13    Str: 14    XL:     13   Next: 92%
Magic:  19/22      EV: 11    Int: 18    God:    Okawaru [*****.]
Gold:   1228       SH:  0    Dex: 11    Spells: 13/24 levels left

rFire    x . .     SeeInvis +     - Unarmed
rCold    + + +     Faith    .   (shield currently unavailable)
rNeg     . . .     Spirit   .   (armour currently unavailable)
rPois    +         Reflect  .   (helmet currently unavailable)
rElec    .         Harm     .   (cloak currently unavailable)
rCorr    .         Rampage  .   (gloves currently unavailable)
Will     +....                  (no barding)
Stlth    +.........             (no amulet)
HPRegen  0.34/turn              c - ring of wizardry
MPRegen  0.18/turn              t - +4 ring of protection

@: about to teleport, ice-form
A: freezing attack, amphibious, boosted hp, AC +4, large, see invisible,
(deformed body), (poison resistance), (slowness 2), spit poison 1, (naga tail 2)
a: Spit Poison, End Transformation, Renounce Religion, Heroism, Finesse


You were on level 5 of the Lair of Beasts.
You worshipped Okawaru.
Okawaru was extremely pleased with you.
You were a creature of crystalline ice.
You visited 3 branches of the dungeon, and saw 18 of its levels.
You also visited: Sewer.

You collected 1228 gold pieces.

Inventory:

Missiles
 E - 3 throwing nets {!f}
 J - 6 curare-tipped darts {!f}
Armour
 b - a +2 pair of gloves (melded)
   (You found it on level 1 of the Dungeon)
 h - the +1 robe "Zinigikh" {+Inv rElec rCorr Int-5}
   (You found it on level 1 of the Lair of Beasts)

   Int:       It affects your intelligence (-5).
   rElec:     It insulates you from electricity.
   +Inv:      It lets you turn invisible.
   rCorr:     It protects you from acid and corrosion.
 i - a scarf of resistance (melded)
   (You found it on level 2 of the Dungeon)
 q - the +0 robe "Pyzemud" {rC+ rCorr Dex+3}
   (You found it on level 6 of the Dungeon)

   Dex:       It affects your dexterity (+3).
   rC:        It protects you from cold.
   rCorr:     It protects you from acid and corrosion.
 s - a +2 barding of stealth (melded)
   (Okawaru gifted it to you on level 3 of the Lair of Beasts)
 w - the +1 helmet of the Gusle (melded) {Str+3 Int+2}
   (Okawaru gifted it to you on level 5 of the Lair of Beasts)

   Str:       It affects your strength (+3).
   Int:       It affects your intelligence (+2).
 B - a +2 robe of willpower (melded)
   (You found it on level 10 of the Dungeon)
 G - a +0 troll leather armour
   (You found it on level 11 of the Dungeon)
Jewellery
 c - a ring of wizardry (left front paw)
   (You found it on level 1 of the Dungeon)
 o - a ring of protection from cold
   (You took it off an orc on level 8 of the Dungeon)
 t - a +4 ring of protection (right front paw)
   (You took it off an orc on level 5 of the Dungeon)
 z - a ring of protection from cold
   (You found it on level 5 of the Lair of Beasts)
 A - a ring of resist corrosion
   (You found it on level 1 of the Dungeon)
 H - a +6 ring of strength
   (You found it on level 11 of the Dungeon)
Wands
 d - a wand of iceblast (28)
   (You took it off a kobold on level 9 of the Dungeon)
 u - a wand of paralysis (6)
   (You took it off an orc priest on level 11 of the Dungeon)
 D - a wand of polymorph (9)
   (You found it on level 11 of the Dungeon)
Scrolls
 a - a scroll of amnesia
 e - a scroll of fear
 g - 8 scrolls of teleportation {@r4}
 p - 3 scrolls of immolation {!r}
 r - 2 scrolls of fog
 x - a scroll of enchant armour
 y - 4 scrolls of summoning
 C - 3 scrolls of identify {@r1}
 K - a scroll of holy word
 L - 2 scrolls of blinking
 N - a scroll of magic mapping
Potions
 f - a potion of curing {@q1}
 j - 4 potions of lignification {!q}
 k - 2 potions of flight
 l - 2 potions of attraction {!q}
 m - a potion of haste {@q3}
 n - 3 potions of mutation {!q}
 v - 5 potions of ambrosia
 F - 2 potions of cancellation
 I - 2 potions of magic


   Skills:
 + Level 10.0 Fighting
 + Level 5.6 Dodging
 * Level 13.0 Unarmed Combat
 - Level 6.0 Spellcasting
 - Level 12.2 Transmutations
 - Level 4.0 Ice Magic
 - Level 4.0 Poison Magic
 * Level 7.0 Invocations


You had 13 spell levels left.
You knew the following spells:

 Your Spells              Type           Power      Damage    Failure   Level
a - Beastly Appendage     Tmut           98%        N/A       1%          1
b - Blink                 Tloc           N/A        N/A       8%          2
c - Ice Form              Ice/Tmut       34%        N/A       1%          4
d - Apportation           Tloc           10%        N/A       4%          1
x - Spider Form           Tmut/Pois      17%        N/A       1%          3

Your spell library contained the following spells:

 Spells                   Type           Power      Damage    Failure   Level
 Sting                    Tmut/Pois      100%       1d8       1%          1
 Wereblood                Tmut           49%        N/A       1%          2
 Ignite Poison            Fire/Tmut/Pois 24%        N/A       1%          3
 Poisonous Vapours        Pois/Air       24%        N/A       3%          2
 Summon Small Mammal      Summ           20%        N/A       4%          1
 Alistair's Intoxication  Tmut/Pois      22%        N/A       4%          5
 Corpse Rot               Necr/Air       N/A        N/A       8%          2
 Slow                     Hex            5%         N/A       8%          2
 Olgreb's Toxic Radiance  Pois           19%        N/A       9%          4
 Call Canine Familiar     Summ           5%         N/A       14%         3
 Confusing Touch          Hex            5%         N/A       14%         3
 Conjure Flame            Conj/Fire      5%         6-21      14%         3
 Dazzling Flash           Conj/Hex       10%        N/A       14%         3
 Gell's Gravitas          Tloc           2%         N/A       14%         3
 Inner Flame              Hex/Fire       5%         N/A       14%         3
 Lesser Beckoning         Tloc           2%         N/A       14%         3
 Summon Guardian Golem    Hex/Summ       5%         N/A       14%         3
 Teleport Other           Tloc           5%         N/A       14%         3
 Vampiric Draining        Necr           2%         2d6       14%         3
 Hailstorm                Conj/Ice       12%        3d5       21%         4
 Cause Fear               Hex            2%         N/A       41%         4
 Dispel Undead            Necr           5%         3d7       41%         4
 Iskenderun's Mystic Bla  Conj/Tloc      5%         2d3       41%         4
 Sticky Flame             Conj/Fire      5%         2d3       41%         4
 Manifold Assault         Tloc           5%         N/A       75%         5
 Simulacrum               Ice/Necr       6%         N/A       95%         6
 Death Channel            Necr           2%         N/A       99%         6
 Invisibility             Hex            2%         N/A       99%         6
 Starburst                Conj/Fire      2%         8x6d3     99%         6
 Discord                  Hex            2%         N/A       100%        8


Dungeon Overview and Level Annotations

Branches:
Dungeon (11/15)            Temple (1/1) D:6            Lair (6/6) D:10
 Shoals (0/4) Lair:4        Snake (0/4) Lair:4          Orc (0/2) D:11
  Sewer (visited)
  Slime: Lair:5-6

Altars:
Ashenzari
Cheibriados
Dithmenos
Elyvilon
Fedhas
Gozag
Hepliaklqana
Kikubaaqudgha
Nemelex Xobeh
Okawaru
Qazlal
Ru
Sif Muna
Trog
Uskayaw
Wu Jian
Zin
The Shining One

Shops:
D:5 (   D:11 ((

Annotations:
D:4 2 transporters, smalleywall's ghost, amateur DDEE
D:7 exclusion: downstairs
D:9 exclusion: downstairs
D:11 exclusion: 5 doors
Lair:1 exclusion: oklob plant
Lair:3 2 transporters
Lair:5 exclusion: downstairs


Innate Abilities, Weirdness & Mutations

You are a creature of crystalline ice.
You have a powerful freezing melee attack.
You are amphibious.
Your maximum health is increased.
Your armour is entirely melded.
You are incapable of wielding weapons or throwing items.
((Your serpentine skin is tough. (AC +4)))
You have supernaturally acute eyesight. (SInv)
((Armour fits poorly on your strangely shaped body.))
((Your system is resistant to poisons. (rPois)))
((You cover ground very slowly.))
You can spit poison.
((You can use your snake-like lower body to constrict enemies.))


Message History

The blink frog barely misses you.
The dream sheep bites you but does no damage.
The yak gores you. The dream sheep barely misses you.
The dream sheep bites you but does no damage.
The elephant misses you.
The elephant trunk-slaps you but does no damage.
There is a stone staircase leading up here.
The blink frog hits you! The komodo dragon barely misses you.
The yak gores you. The dream sheep bites you!
The dream sheep bites you but does no damage. x2
The blink frog hits you but does no damage.
The elephant closely misses you.
The elephant trunk-slaps you but does no damage.
You climb upwards.
Level annotation: exclusion: downstairs
There is a stone staircase leading down, spattered with blood here.
You hit the dream sheep. You freeze the dream sheep.
The komodo dragon bites you! The blink frog hits you!
The yak gores you but does no damage. The dream sheep barely misses you. x3
You punch the dream sheep! You freeze the dream sheep. The blink frog hits you!
The blink frog blinks!
The elephant closely misses you. x2
The komodo dragon bites you!
* * * LOW HITPOINT WARNING * * *
The dream sheep ruffle their wool and motes of dream dust sparkle, to no effect.
The yak misses you. The dream sheep bites you.
* * * LOW HITPOINT WARNING * * *
Unknown command.
Unknown command.
As you read the scroll of teleportation {@r4}, it crumbles to dust.
You feel strangely unstable. The dream sheep barely misses you.
The elephant closely misses you. The elephant barely misses you.
The komodo dragon closely misses you.
The dream sheep shake their wool and sparkle.
You feel drowsy...
You fall asleep.
The yak gores you but does no damage. The dream sheep barely misses you.
The dream sheep closely misses you. The elephant tramples you!!
You wake up.
* * * LOW HITPOINT WARNING * * *
You hold your ground!
The elephant misses you. The komodo dragon bites you!!
* * * LOW HITPOINT WARNING * * *
The dream sheep bites you but does no damage.
The yak misses you.
The blink frog blinks!
The dream sheep bites you but does no damage.
You feel better.
The dream sheep bites you but does no damage.
The elephant tramples you.
* * * LOW HITPOINT WARNING * * *
You hold your ground!
The elephant trunk-slaps you but does no damage.
The blink frog blinks!
The komodo dragon bites you!!
You die...

.......................#
.......................#
......................##
......................#### #
..........PPF............########
........P.PPP...<..........#..##P
.............................[...
.P....=........YYY............#..
..............†.Y.............###
...............YlY.............##
.#..............§.............##
....##..#.....#P..P............#
.....####..............#......##
........................#.....#
..............................#
.............P....#..####.#...##
.....###.##...##.###.# ######.#


You could see an elephant, a komodo dragon, a yak, a blink frog and 3 dream
sheep.

Vanquished Creatures
  A boulder beetle (Lair:4)
  A catoblepas (Lair:3)
  4 hydras
  5 death yaks (Lair:5)
  3 two-headed ogres
  9 elephants (Lair:5)
  A merfolk siren (Lair:4)
  8 cane toads
  A black mamba (Lair:5)
  5 komodo dragons
  A rime drake (Lair:3)
  5 trolls
  A hornet (D:7)
  A polar bear (Lair:4)
  3 slime creatures (D:10)
  Prince Ribbit (Lair:2)
  8 blink frogs
  6 dream sheep
  38 yaks
  A shadow (D:5)
  A vampire (D:7)
  A wyvern (Lair:1)
  7 basilisks
  3 steam dragons
  8 water moccasins
  5 orc warriors
  3 black bears
  20 wolves
  An ogre (D:5)
  2 necrophages
  7 centaurs
  A kobold brigand (D:9)
  10 bullfrogs
  2 gnoll sergeants
  2 scorpions
  2 jellies
  13 wights
  22 killer bees
  A howler monkey (D:7)
  5 electric eels
  2 bullfrog zombies (D:6)
  2 centaur zombies
  3 gnoll shamans
  6 orc priests
  A centaur skeleton (D:7)
  A scorpion zombie (D:4)
  3 iguanas
  14 orc wizards
  2 killer bee zombies
  A hound skeleton (D:4)
  22 gnolls
  9 adders
  A white imp (D:7)
  An ufetubus (D:4)
  2 adder skeletons (D:4)
  3 worms
  2 dart slugs
  34 orcs
  21 ball pythons
  4 bats
  14 endoplasms
  13 giant cockroaches
  8 goblins
  9 hobgoblins
  8 jackals
  10 quokkas
  11 frilled lizards
  A jackal skeleton (D:4)
  17 kobolds
  4 rats
448 creatures vanquished.

Vanquished Creatures (others)
  21 fungi
  127 plants
148 creatures vanquished.

Grand Total: 596 creatures vanquished

Notes
Turn   | Place    | Note
-------+----------+-------------------------------------------
     0 | D:1      | Brozuf the Naga Transmuter began the quest for the Orb.
     0 | D:1      | Reached XP level 1. HP: 18/18 MP: 3/3
   178 | D:1      | Found a faded altar of an unknown god.
   232 | D:1      | Reached XP level 2. HP: 14/25 MP: 5/5
  1112 | D:1      | Reached XP level 3. HP: 29/31 MP: 4/6
  1116 | D:1      | Learned a level 3 spell: Spider Form
  1119 | D:1      | Learned a level 2 spell: Blink
  2031 | D:1      | Reached skill level 1 in Poison Magic
  2510 | D:2      | Reached XP level 4. HP: 7/39 MP: 5/7
  4587 | D:3      | Noticed a scorpion
  4597 | D:3      | Killed a scorpion
  4598 | D:3      | Reached XP level 5. HP: 23/46 MP: 4/9
  5500 | D:2      | Reached XP level 6. HP: 26/55 MP: 6/10
  6450 | D:4      | Found a transporter.
  6451 | D:4      | Found a transporter.
  6451 | D:4      | Noticed smalleywall's ghost (amateur DDEE)
  6598 | D:4      | Learned a level 4 spell: Ice Form
  6609 | D:4      | Noticed a black bear
  7215 | D:5      | Entered Level 5 of the Dungeon
  7224 | D:5      | Noticed a shadow
  7459 | D:4      | Reached skill level 1 in Ice Magic
  7459 | D:4      | Reached XP level 7. HP: 42/62 MP: 8/11
  7559 | D:4      | Upgraded the game from 0.27-a0-1434-g6f15984924 to
                  | 0.27-a0-1497-gf8f22f7954
  7762 | D:5      | Reached skill level 5 in Transmutations
  7823 | D:5      | Killed a shadow
  8356 | D:4      | Reached skill level 4 in Unarmed Combat
  8356 | D:4      | Reached XP level 8. HP: 72/72 MP: 7/12
  8730 | D:5      | Found Atoaneh's Weapon Shoppe.
  8739 | D:5      | Identified the +0 leather armour of Hiyttaroip {Harm rF+
                  | Slay-5 Stlth+}
  9592 | D:6      | Found a staircase to the Ecumenical Temple.
  9601 | Temple   | Entered the Ecumenical Temple
  9609 | Temple   | Became a worshipper of Warmaster Okawaru
  9646 | D:6      | Found a glowing silver altar of Zin.
  9648 | D:6      | Found an opulent altar of Gozag.
  9650 | D:6      | Found a broken altar of Ashenzari.
  9702 | D:6      | Found a glowing drain.
  9706 | D:6      | Identified the +0 robe "Pyzemud" {rC+ rCorr Dex+3}
  9718 | Sewer    | Entered a sewer
 10907 | D:6      | Reached skill level 5 in Unarmed Combat
 11335 | D:7      | Reached skill level 5 in Fighting
 11335 | D:7      | Reached XP level 9. HP: 35/81 MP: 8/13
 11950 | D:7      | Reached skill level 1 in Invocations
 12016 | D:7      | Reached * piety under Okawaru
 12082 | D:7      | HP: 1/97 [vampire/vampiric draining (12)]
 12647 | D:7      | Reached skill level 6 in Unarmed Combat
 13503 | D:8      | Noticed a hornet
 13516 | D:7      | Killed a hornet
 13792 | D:8      | Reached ** piety under Okawaru
 13982 | D:7      | Reached XP level 10. HP: 38/90 MP: 10/14
 14384 | D:8      | Reached skill level 7 in Unarmed Combat
 16024 | D:8      | Found a bloodstained altar of Trog.
 16024 | D:8      | Found a stormy altar of Qazlal.
 16025 | D:8      | Found a snail-covered altar of Cheibriados.
 16650 | D:8      | Learned a level 1 spell: Apportation
 17828 | D:10     | Entered Level 10 of the Dungeon
 17834 | D:10     | Found an ancient bone altar of Kikubaaqudgha.
 17847 | D:10     | Reached skill level 8 in Unarmed Combat
 17899 | D:10     | Noticed a two-headed ogre
 18581 | D:10     | Noticed a two-headed ogre
 18596 | D:10     | Killed a two-headed ogre
 18596 | D:10     | Reached *** piety under Okawaru
 18943 | D:10     | Reached skill level 10 in Transmutations
 19206 | D:10     | Found an ornate altar of the Wu Jian Council.
 19330 | D:10     | Reached skill level 5 in Invocations
 19330 | D:10     | Reached XP level 11. HP: 100/100 MP: 11/15
 19341 | D:10     | Killed a two-headed ogre
 19419 | D:10     | Reached skill level 9 in Unarmed Combat
 19753 | D:10     | Found a staircase to the Lair.
 19816 | D:10     | Upgraded the game from 0.27-a0-1497-gf8f22f7954 to
                  | 0.27-a0-1519-gc8121b24ce
 19917 | D:11     | Noticed a two-headed ogre
 19946 | D:11     | Killed a two-headed ogre
 19946 | D:11     | Reached **** piety under Okawaru
 20095 | D:11     | Found a staircase to the Orcish Mines.
 20098 | D:11     | Found Ymennufe's Weapon Shoppe.
 20646 | D:11     | Noticed a boulder beetle
 21013 | D:11     | Noticed a boulder beetle
 21052 | D:11     | Found Keet's Weapon Emporium.
 21078 | D:11     | Noticed a boulder beetle
 21444 | D:11     | Found a sparkling altar of Nemelex Xobeh.
 21625 | Lair:1   | Entered Level 1 of the Lair of Beasts
 22222 | Lair:1   | Noticed an oklob plant
 22559 | Lair:1   | Identified the +1 robe "Zinigikh" {+Inv rElec rCorr Int-5}
 22900 | Lair:2   | Reached ***** piety under Okawaru
 22901 | Lair:2   | Reached skill level 10 in Unarmed Combat
 23329 | Lair:2   | Noticed a six-headed hydra
 23337 | Lair:2   | Killed a six-headed hydra
 23338 | Lair:2   | Reached XP level 12. HP: 84/110 MP: 12/17
 23711 | Lair:2   | Noticed Prince Ribbit
 23727 | Lair:2   | Killed Prince Ribbit
 24327 | Lair:3   | Noticed a catoblepas
 24441 | Lair:3   | Found a transporter.
 25219 | Lair:3   | Received a gift from Okawaru
 25220 | Lair:3   | Reached skill level 11 in Unarmed Combat
 25559 | Lair:3   | Found a transporter.
 25755 | Lair:3   | Killed a catoblepas
 26045 | Lair:4   | Reached skill level 5 in Spellcasting
 26051 | Lair:4   | Noticed an eight-headed hydra
 26059 | Lair:4   | Killed an eight-headed hydra
 26607 | Lair:4   | Found a staircase to the Shoals.
 26607 | Lair:4   | Noticed a boulder beetle
 26770 | Lair:4   | Gained mutation: You can use your snake-like lower body to
                  | constrict enemies. [Naga growth]
 26770 | Lair:4   | Reached XP level 13. HP: 121/121 MP: 18/21
 26791 | Lair:4   | Found a staircase to the Snake Pit.
 27667 | Lair:4   | Reached skill level 12 in Unarmed Combat
 28772 | Lair:5   | Reached ****** piety under Okawaru
 28867 | Lair:5   | Identified the +1 helmet of the Gusle {Str+3 Int+2}
                  | (Okawaru gifted it to you on level 5 of the Lair of Beasts)
 28867 | Lair:5   | Received a gift from Okawaru
 28886 | Lair:5   | Reached skill level 5 in Dodging
 30149 | Lair:6   | Entered Level 6 of the Lair of Beasts
 30861 | Lair:6   | Reached skill level 10 in Fighting
 30986 | Lair:5   | Reached skill level 13 in Unarmed Combat
 31140 | Lair:5   | HP: 4/147 [komodo dragon (25)]
 31141 | Lair:5   | Demolished by a komodo dragon

Illustrated notes

Levels and vault maps discovered:
D:1:      minmay_arrival_glassed_features, layout_basic,
          hellmonk_ecumenical_altar_blasted
D:2:      layout_loops_ring
D:3:      layout_loops_cross
D:4:      layout_gridville, gammafunk_ghost_mausoleum, minmay_fountain_box
D:5:      layout_rooms, serial_shops, shop
D:6:      layout_cave_pods, grunt_temple_overflow_diamond,
          minmay_temple_entry_mist, cheibrodos_sewer_entry_drain
D:7:      wad_crossroads, layout_cave_pods
D:8:      layout_cave_pools, gammafunk_temple_overflow_claw, serial_bayou,
          serial_bayou_ford_a, serial_bayou_lagoon_a, serial_bayou_shore_a,
          serial_bayou_lake_a
D:9:      layout_basic
D:10:     layout_roguey, nzn_wu_jian_contemplation,
          mainiacjoe_overflow_tiny_flanked, lair_entry_dummy
D:11:     layout_roguey, orc_david_3, serial_shops, shop_fountains,
          nemelex_diamond_rough_becter
Temple:   eino_temple_lava
Lair:1:   layout_chaotic_city, minmay_holes, grunt_megastairs_1,
          minmay_lair_oklob_chamber
Lair:2:   layout_gridlike, grunt_megastairs_3, serial_bayou_shore_b,
          uniq_prince_ribbit2
Lair:3:   gammafunk_worm_tunnel, layout_regular_city, gauntlet_entry_generic,
          minivault_26
Lair:4:   layout_small_grid, elwin_shoals_entry_rooms, dummy_snake_entry,
          kennysheep_basilisk_garden, lemuel_fruit_fields
Lair:5:   layout_gridlike
Lair:6:   grunt_lair_end_beastmaster, layout_misc_corridors, slime_altar_1,
          enter_volcano_2, uniq_nessos

Skill      XL: |  1  2  3  4  5  6  7  8  9 10 11 12 13 |
---------------+----------------------------------------+-----
Poison Magic   | 1 3 4 |  4.0
Transmutations | 3 4 5 7 8 10 11 12 | 12.2
Fighting       | 2 3 5 7 8 9 10 | 10.0
Spellcasting   | 3 5 6 |  6.0
Ice Magic      | 1 2 3 4 |  4.0
Unarmed Combat | 4 5 6 8 10 11 13 | 13.0
Invocations    | 3 5 6 7 |  7.0
Dodging        | 2 4 5 |  5.6

Action                   |  1- 3 |  4- 6 |  7- 9 | 10-12 | 13-15 || total
-------------------------+-------+-------+-------+-------+-------++-------
Melee: Unarmed           |   143 |   180 |   357 |   540 |   201 ||  1421
       Headbutt          |    18 |     2 |     1 |       |       ||    21
       Punch             |     2 |     1 |       |       |       ||     3
 Cast: Beastly Appendage |    40 |    10 |     1 |       |       ||    51
       Spider Form       |     1 |    37 |    24 |    31 |     3 ||    96
       Ice Form          |       |       |    33 |    56 |    24 ||   113
Invok: Heroism           |       |       |     1 |     9 |     3 ||    13
       Finesse           |       |       |       |     1 |     1 ||     2
 Abil: Spit Poison       |     2 |     3 |     6 |    12 |     7 ||    30
       End Transformatio |       |     3 |     4 |     4 |     1 ||    12
Evoke: Wand              |       |       |       |    15 |     2 ||    17
  Use: Potion            |       |     2 |     2 |     1 |     1 ||     6
       Scroll            |       |     6 |    10 |     9 |     3 ||    28
 Stab: Sleeping          |       |     1 |       |       |       ||     1
       Invisible         |       |       |       |     2 |       ||     2
       Paralysed         |       |       |       |     1 |       ||     1
Armor: Robe              |    74 |     9 |     6 |    10 |     8 ||   107
       Skin              |       |    10 |    82 |   205 |   114 ||   411
Dodge: Dodged            |    71 |   121 |   219 |   325 |   134 ||   870

Table legend: (Time is in decaauts)
 A = Elapsed time spent in this place.
 B = Non-inter-level travel time spent in this place.
 C = Inter-level travel time spent in this place.
 D = Time resting spent in this place.
 E = Time spent auto-exploring this place.
 F = Levels seen in this place.
 G = Mean time per level.
                   A        B        C        D        E       F      G
               +--------+--------+--------+--------+--------+-----+--------+
         Total |  35539 |  33278 |   2261 |  10914 |  16416 |  19 | 1870.5 |
       Dungeon |  24249 |  22649 |   1600 |   8033 |  10436 |  11 | 2204.5 |
        Temple |     17 |     17 |      0 |      0 |      0 |   1 |   17.0 |
          Lair |  10744 |  10083 |    661 |   2851 |   5773 |   6 | 1790.7 |
         Sewer |    528 |    528 |      0 |     29 |    205 |   1 |  528.0 |
               +--------+--------+--------+--------+--------+-----+--------+

Top non-repeatable levels by time:
     D:7: 3203 daAuts
     D:4: 3116 daAuts
  Lair:5: 2882 daAuts
     D:1: 2874 daAuts
  Lair:4: 2856 daAuts
     D:8: 2634 daAuts
     D:2: 2574 daAuts
    D:10: 2234 daAuts
     D:6: 2221 daAuts
  Lair:3: 1870 daAuts
     D:3: 1748 daAuts
  Lair:2: 1655 daAuts
     D:9: 1533 daAuts
  Lair:1: 1449 daAuts
    D:11: 1407 daAuts
